AoeStats
← Nopec

Nomad

506200064Analyzed
4v4 RM · 21d ago on Sep 12, 2026· 72m 1s· 8 players
Game mode
Random Map
Map size
231×231
Population
200
Speed
Normal
Resources
Standard
Victory
Conquest
Starting age
Dark Age
Ending age
Imperial Age
RankedLock teamsTeams togetherTeam positionsShared explorationLock speedFull tech treeHidden civsTurbo modeCheats
Victory
Defeat
🇲🇽 Khmer · Mexico
818
+16
🇭🇰 Lithuanians · Hong Kong SAR China
816
+16
🇨🇦 Byzantines · Canada
796
+17
🇮🇳 Magyars · India
734
+19
🇦🇷 Magyars · Argentina
927
-22
🇧🇷 Britons · Brazil
790
-16
🇩🇪 Persians · Germany
767
-15
🇺🇸 Bohemians · United States
754
-15
Darknar626
5:17 Loom
15:52 Feudal Age
17:24 Gold Mining
17:22 Double-Bit Axe
17:21 Fishing Lines
18:45 Wheelbarrow
17:56 Town Watch
19:04 Horse Collar
20:14 Stone Mining
23:44 Castle Age
22:01 Man-at-Arms
22:47 Scale Mail Armor
25:12 Husbandry
26:24 Fletching
26:46 Forging
33:57 Hand Cart
35:54 Bodkin Arrow
36:03 Padded Archer Armor
37:40 Bloodlines
38:44 Ballistics
39:02 Leather Archer Armor
45:21 Imperial Age
45:22 Tusk Swords
47:26 Town Patrol
47:49 Scale Barding Armor
48:19 Iron Casting
48:00 Chain Mail Armor
48:33 Bow Saw
51:15 Chemistry
50:22 Siege Engineers
50:28 Masonry
51:26 Fervor
52:25 Gillnets
52:50 Elite Battle Elephant
56:47 Heavy Plow
56:55 Double Crossbow
59:17 Ring Archer Armor
60:48 Murder Holes
61:05 Caravan
61:43 Elite Ballista Elephant
63:22 Gold Shaft Mining
63:23 Stone Shaft Mining
63:20 Crop Rotation
63:24 Conscription
63:33 Chain Barding Armor
64:14 Blast Furnace
71:48 Plate Barding Armor
71:14 Bracer
dark fader
5:43 Loom
16:18 Feudal Age
16:50 Double-Bit Axe
16:48 Horse Collar
17:00 Fishing Lines
18:25 Wheelbarrow
19:44 Gold Mining
19:58 Stone Mining
24:15 Forging
24:05 Scale Mail Armor
23:57 Fletching
26:25 Castle Age
24:44 Scale Barding Armor
24:39 Padded Archer Armor
24:57 Padded Archer Armor
25:31 Arson
25:06 Man-at-Arms
27:07 Husbandry
26:28 Light Cavalry
27:41 Heavy Plow
28:48 Bodkin Arrow
30:21 Hand Cart
30:19 Greek Fire
30:49 Bow Saw
31:53 Caravan
33:14 Iron Casting
32:54 Chain Mail Armor
32:54 Leather Archer Armor
32:39 Murder Holes
32:27 Treadmill Crane
33:44 Stone Shaft Mining
33:47 Gold Shaft Mining
33:33 Squires
32:54 Pikeman
33:20 Gambesons
34:17 Gillnets
37:48 Clinker Construction
37:49 Careening
37:45 Siphons
38:13 Demolition Ship
39:04 Medium Warships
42:36 Ballistics
48:41 Imperial Age
47:12 Pikeman
51:26 Halberdier
GandalfEzy
5:46 Loom
18:19 Feudal Age
19:30 Double-Bit Axe
21:46 Bloodlines
21:44 Scale Barding Armor
23:52 Gold Mining
26:49 Castle Age
27:24 Light Cavalry
28:05 Husbandry
30:37 Padded Archer Armor
30:27 Fletching
31:45 Leather Archer Armor
31:23 Fletching
32:48 Bodkin Arrow
34:25 Town Watch
35:27 Leather Archer Armor
35:14 Stone Mining
37:55 Chain Barding Armor
38:37 Gold Shaft Mining
38:36 Ballistics
40:10 Corvinian Army
43:09 Imperial Age
41:17 Wheelbarrow
41:48 Murder Holes
41:59 Horse Collar
42:46 Bow Saw
43:23 Heavy Plow
44:41 Conscription
44:01 Hussar
46:00 Town Patrol
46:48 Crop Rotation
47:13 Parthian Tactics
48:16 Hand Cart
49:20 Bracer
49:51 Ring Archer Armor
51:05 Arson
51:58 Plate Barding Armor
52:06 Heavy Cavalry Archer
57:41 Block Printing
58:04 Theocracy
57:40 Fervor
57:08 Pikeman
59:45 Sanctity
59:52 Illumination
59:35 Halberdier
60:35 Recurve Bow
63:25 Elite Magyar Huszar
71:35 Spies/Treason
hqitbkv
4:13 Loom
24:11 Feudal Age
28:14 Castle Age
26:01 Double-Bit Axe
26:10 Gold Mining
28:25 Stone Mining
32:06 Bow Saw
35:09 Wheelbarrow
34:17 Horse Collar
35:41 Heavy Plow
36:15 Fishing Lines
36:49 Medium Warships
39:45 Hand Cart
40:55 Treadmill Crane
42:29 Forging
42:25 Scale Barding Armor
45:00 Imperial Age
44:06 Iron Casting
44:38 Bloodlines
44:29 Husbandry
45:28 Cavalier
47:23 Two-Man Saw
46:57 Crop Rotation
47:25 Conscription
46:48 Paladin
48:10 Tower Shields
51:14 Chain Barding Armor
52:27 Squires
52:15 Arson
52:29 Pikeman
53:21 Scale Mail Armor
53:57 Plate Barding Armor
53:14 Halberdier
56:58 Chain Mail Armor
57:15 Elite Leitis
59:26 Gillnets
60:05 Heavy Warships
iKalakamalaka
5:30 Loom
13:25 Feudal Age
14:07 Double-Bit Axe
16:59 Wheelbarrow
17:56 Arson
17:58 Horse Collar
26:32 Castle Age
27:32 Hand Cart
27:04 Town Watch
30:29 Chemistry
29:51 Ballistics
29:12 Treadmill Crane
30:29 Heavy Plow
30:43 Bow Saw
30:38 Town Patrol
30:45 Squires
31:01 Forging
30:51 Scale Mail Armor
34:02 Iron Casting
33:43 Chain Mail Armor
33:38 Pikeman
39:58 Imperial Age
37:49 Fervor
39:20 Fishing Lines
41:06 Bombard Tower
42:15 Two-Man Saw
42:10 Halberdier
43:58 Blast Furnace
43:30 Plate Mail Armor
44:49 Masonry
45:48 Fletching
46:32 Architecture
45:45 Houfnice
53:18 Houfnice
56:49 Conscription
68:31 Guilds
Nopec
9:11 Loom
17:03 Feudal Age
17:24 Double-Bit Axe
17:19 Horse Collar
17:30 Fishing Lines
20:07 Wheelbarrow
24:48 Castle Age
25:21 Gold Mining
25:21 Stone Mining
25:44 Bow Saw
25:36 Heavy Plow
25:38 Gillnets
26:57 Bloodlines
26:48 Husbandry
27:03 Scale Barding Armor
27:08 Forging
28:00 Hand Cart
28:49 Town Watch
30:10 Chain Barding Armor
30:41 Gold Shaft Mining
31:17 Stone Shaft Mining
33:25 Iron Casting
32:41 Fletching
37:33 Bodkin Arrow
38:34 Town Patrol
42:48 Imperial Age
44:13 Plate Barding Armor
44:38 Blast Furnace
45:29 Crop Rotation
45:14 Elite War Elephant
46:15 Conscription
47:38 Cavalier
50:23 Ballistics
51:03 Chemistry
49:59 Murder Holes
60:09 Citadels
Kadojc
7:50 Loom
17:31 Feudal Age
17:39 Man-at-Arms
19:40 Fishing Lines
24:00 Wheelbarrow
24:52 Town Watch
32:47 Castle Age
34:15 Double-Bit Axe
36:13 Wheelbarrow
36:25 Gold Mining
36:45 Fletching
37:01 Pikeman
37:42 Squires
38:21 Gillnets
39:57 Bow Saw
40:31 Wheelbarrow
39:52 Stone Mining
40:21 Bodkin Arrow
42:37 Gold Shaft Mining
45:57 Crossbowman
46:49 Forging
47:40 Horse Collar
49:54 Heavy Plow
52:22 Hand Cart
56:08 Imperial Age
54:09 Treadmill Crane
55:20 Forging
55:11 Scale Mail Armor
56:11 Halberdier
57:32 Elite Longbowman
58:35 Conscription
59:29 Chemistry
58:40 Heated Shot
59:10 Bracer
59:45 Iron Casting
60:46 Long Swordsman
61:12 Gambesons
64:06 Two-Handed Swordsman
66:14 Murder Holes
(Terry-Fox)
5:20 Loom
16:59 Feudal Age
21:23 Castle Age
19:52 Fletching
21:36 Padded Archer Armor
23:27 Bodkin Arrow
24:44 Leather Archer Armor
24:42 Fishing Lines
29:03 Ballistics
30:05 Husbandry
30:16 Bloodlines
35:19 Stone Mining
Connection lost

Rejoining the realm…

Still unreachable

The connection could not be restored.

Session expired

The server has moved on; the page needs a fresh start.